Map: [ESL] Waterfall

Players

Clem

  • Race: Terran Terran
  • Spawn Location: 7:00

Serral - Winner!

  • Race: Zerg Zerg
  • Spawn Location: 1:00

Event: DreamHack SC2 Masters 2022 Atlanta (Online)

VOD

Have the link to the VOD?

Description

Time

  • Played on: Oct. 11, 2022, 3:16 p.m.
  • Length: 14:06

All games in this series

Show
View Real Time Build Order
Export as new Build Order

Clem Terran 

Build Orders: Reaper Expand, Hellion Banshee 

Get SALT Encoding   

  12  0:00  SCV  
  13  0:12  SCV  
  14  0:17  Supply Depot  
  14  0:24  SCV  
  15  0:38  SCV  
  15  0:40  Barracks  
  16  0:43  Refinery  
  16  0:51  SCV  
  17  1:03  SCV  
  18  1:15  SCV  
  19  1:27  Reaper, Orbital Command  
  20  1:40  Command Center  
  20  1:47  Supply Depot  
  20  1:52  SCV  
  21  1:59  Marine  
  22  2:04  SCV  
  23  2:12  Factory  
  23  2:16  SCV  
  23  2:20  Barracks Reactor  
  23  2:21  Refinery  
  24  2:28  SCV  
  25  2:41  SCV  
  26  2:53  SCV  
  26  2:54  Orbital Command  
  26  2:57  Starport  
  27  3:03  Hellion x2  
  27  3:05  SCV, Barracks Tech Lab  
  32  3:10  Supply Depot  
  32  3:17  SCV  
  33  3:20  SCV  
  33  3:24  Hellion x2  
  38  3:29  SCV  
  38  3:32  SCV  
  40  3:38  Supply Depot  
  40  3:40  Cloaking Field  
  40  3:41  SCV  
  40  3:42  Banshee  
  40  3:45  SCV  
  45  3:49  Barracks Tech Lab  
  45  3:52  Hellion  
  45  3:54  Hellion  
  45  3:55  SCV  
  50  3:57  SCV  
  50  4:02  Supply Depot  
  51  4:07  SCV, Marine  
  51  4:09  SCV, Stimpack  
  54  4:19  SCV  
  55  4:24  Command Center  
  55  4:25  Factory Reactor  
  55  4:26  SCV  
  55  4:30  Banshee  
  59  4:32  SCV  
  59  4:36  Barracks  
  60  4:39  SCV  
  60  4:42  Barracks  
  60  4:44  Marine  
  62  4:45  SCV  
  62  4:49  Supply Depot  
  62  4:51  SCV  
  64  4:58  Engineering Bay, SCV  
  65  5:00  Engineering Bay  
  65  5:02  Marine  
  65  5:03  SCV  
  67  5:09  Refinery x2  
  67  5:10  SCV  
  68  5:15  SCV  
  68  5:19  Siege Tank  
  72  5:21  Marine  
  72  5:22  SCV, Starport Reactor  
  72  5:27  SCV  
  75  5:29  Marine x2  
  75  5:31  Marine  
  75  5:34  Supply Depot  
  75  5:35  SCV, Marine  
  78  5:37  Orbital Command  
  78  5:39  SCV, Marine  
  82  5:48  SCV, Combat Shield  
  83  5:51  SCV, Marine x3  
  83  5:53  Marine  
  83  5:54  Supply Depot  
  83  5:56  Siege Tank  
  91  5:59  Marine  
  91  6:03  Terran Infantry Armor Level 1, Terran Infantry Weapons Level 1, Orbital Command  
  92  6:07  SCV  
  92  6:09  SCV, Marine  
  92  6:10  Supply Depot  
  95  6:13  Marine x2  
  95  6:16  Medivac  
  99  6:18  Medivac  
  99  6:19  SCV  
  99  6:21  Marine x2  
  104  6:26  Marine  
  104  6:29  SCV x2  
  104  6:31  SCV, Marine  
  104  6:32  Marine  
  110  6:34  Supply Depot  
  110  6:40  Siege Tank, Marine x2  
  110  6:41  SCV  
  110  6:42  SCV  
  110  6:46  Barracks  
  117  6:48  Barracks  
  117  6:56  SCV, Medivac x2, Marine x2  
  117  6:58  Supply Depot  
  117  7:00  Supply Depot, Marine  
  125  7:14  Supply Depot  
  125  7:20  SCV x3, Siege Tank, Marine x2  
  125  7:21  Marine x2  
  135  7:22  Armory  
  135  7:24  Marine  
  135  7:25  Supply Depot  
  136  7:32  Barracks  
  136  7:34  Barracks x2  
  136  7:35  Medivac  
  138  7:38  Marine x2  
  138  7:39  Marine  
  119  7:46  Medivac  
  119  7:47  Barracks Reactor x2, Marine x2  
  119  7:51  Refinery  
  115  7:52  Supply Depot  
  115  7:55  Siege Tank, Marine x2  
  115  7:57  Marine  
  121  8:05  Marine x2  
  122  8:13  Terran Infantry Weapons Level 2, Marine x2  
  122  8:14  Marine  
  122  8:15  Supply Depot  
  122  8:16  Terran Infantry Armor Level 2  
  122  8:18  Marine  
  126  8:21  Supply Depot, Barracks Reactor, Barracks Tech Lab  
  126  8:23  Marine x2  
  126  8:26  Marine x4  
  132  8:27  Supply Depot  
  132  8:29  Supply Depot  
  132  8:31  Marine x2  
  132  8:32  Marine  
  132  8:33  Siege Tank  
  138  8:36  Marine  
  138  8:37  Supply Depot  
  138  8:40  Marine x2  
  141  8:43  Medivac, Marine  
  141  8:44  Marine x4  
  141  8:46  Medivac  
  150  8:49  Marine x2  
  150  8:50  Marine  
  150  8:54  Marine  
  154  8:57  Marine x2  
  154  8:58  Marine x2  
  154  9:01  Marine x3  
  161  9:05  Marine  
  161  9:06  Command Center  
  162  9:10  Siege Tank  
  162  9:11  Marine  
  162  9:13  Sensor Tower  
  162  9:16  Marine x4  
  170  9:17  Marauder  
  172  9:26  Marine x4  
  172  9:28  Marauder  
  178  9:32  Marine  
  178  9:34  Marine  
  178  9:35  Marine  
  178  9:37  Marine  
  182  9:39  Marauder  
  182  9:42  Siege Tank  
  185  9:47  Terran Vehicle Weapons Level 1  
  185  9:50  Marauder  
  167  9:55  Marine  
  167  9:57  Medivac x2  
  167  9:58  Marine x8  
  167  9:59  Marine x2  
  154  10:00  Marauder  
  156  10:10  Marine  
  156  10:13  Marine  
  147  10:14  Siege Tank  
  147  10:16  Marine x5  
  154  10:23  SCV x3  
  154  10:24  Marine x3  
  154  10:27  Medivac x2  
  161  10:33  Marauder, Marine  
  161  10:35  SCV x2  
  166  10:37  Marauder  
  166  10:40  Marine x2  
  166  10:42  Marine x2  
  172  10:46  Siege Tank  
  172  10:49  Planetary Fortress  
  175  10:52  Sensor Tower  
  175  10:55  Marauder, Marine x2  
  175  10:56  SCV x2  
  181  11:00  Marine  
  181  11:01  Marauder  
  181  11:02  Barracks Tech Lab  
  184  11:04  Marine  
  184  11:05  SCV  
  184  11:10  Refinery  
  186  11:13  Refinery  
  186  11:16  Marauder  
  186  11:17  Factory  
  186  11:18  Orbital Command  
  188  11:23  Medivac  
  172  11:25  Siege Tank  
  172  11:31  Marine  
  122  11:35  SCV x2  
  122  11:36  SCV, Marine  
  122  11:37  Marine x2  
  122  11:38  Marauder, Marine x5  
  126  11:43  SCV  
  126  11:46  Medivac  
  129  11:47  SCV  
  129  11:48  SCV x2, Marine  
  129  11:49  Marine  
  129  11:52  Marine x2  
  135  11:55  SCV  
  135  11:56  Marine  
  135  11:58  Widow Mine  
  135  11:59  SCV  
  135  12:00  SCV x2  
  142  12:02  Marine x4  
  142  12:03  Marauder, Marine  
  133  12:10  SCV  
  133  12:11  SCV  
  133  12:12  SCV x2  
  133  12:15  Factory Tech Lab  
  137  12:18  Marine  
  137  12:19  Siege Tank, Marine  
  137  12:22  SCV  
  143  12:23  SCV  
  143  12:28  Refinery  
  143  12:29  SCV  
  144  12:30  SCV  
  144  12:32  Marine  
  144  12:34  SCV  
  144  12:35  SCV, Siege Tank  
  151  12:41  SCV  
  152  12:47  Command Center  
  152  12:52  Sensor Tower  
  152  12:54  Ghost Academy  
  152  12:55  Concussive Shells  
  152  13:01  Siege Tank  
  152  13:02  Barracks Tech Lab  
  155  13:08  Medivac, Siege Tank  
  155  13:09  Marauder, Marine x2  
  155  13:11  Marine x2  
  155  13:12  Marine x2  
  152  13:16  Marine x2  
  142  13:22  Marine x2  
  144  13:28  Command Center  
  144  13:38  Marine x3  
  144  13:40  Marine  
  144  13:41  Marine  
  155  13:53  Supply Depot  
Show
View Real Time Build Order
Export as new Build Order

Serral Zerg - Winner!

Build Orders: Pool First 

Get SALT Encoding   

  12  0:00  Drone  
  13  0:12  Overlord  
  13  0:16  Drone  
  14  0:30  Drone x2  
  14  0:34  Drone  
  17  0:43  Spawning Pool  
  17  0:48  Drone  
  17  1:07  Hatchery  
  17  1:10  Drone  
  17  1:13  Drone  
  17  1:15  Extractor  
  17  1:19  Drone  
  18  1:30  Queen  
  18  1:32  Zergling x2  
  21  1:38  Overlord  
  21  1:49  Drone  
  22  2:00  Drone  
  23  2:06  Queen  
  25  2:13  Drone  
  26  2:18  Hatchery  
  26  2:21  Drone  
  26  2:23  Drone  
  26  2:29  Metabolic Boost  
  27  2:34  Drone  
  27  2:36  Drone  
  29  2:39  Drone  
  29  2:41  Drone  
  31  2:48  Queen  
  33  2:53  Overlord  
  33  2:56  Drone  
  34  2:59  Drone  
  34  3:00  Drone  
  36  3:06  Overlord  
  36  3:14  Drone x4  
  36  3:15  Drone  
  36  3:19  Drone  
  42  3:23  Queen  
  44  3:29  Queen  
  46  3:34  Queen  
  46  3:39  Overlord  
  46  3:41  Drone x2  
  50  3:46  Zergling x6  
  53  3:48  Zergling x2  
  53  3:50  Overlord  
  53  3:53  Drone  
  53  3:54  Drone  
  56  3:58  Drone x2  
  58  4:04  Zergling x2, Overlord  
  58  4:07  Drone x3  
  62  4:11  Queen  
  62  4:15  Queen  
  66  4:17  Drone  
  66  4:19  Drone  
  66  4:20  Drone  
  66  4:23  Drone  
  70  4:26  Drone x2  
  70  4:29  Lair  
  72  4:34  Spore Crawler  
  72  4:35  Spore Crawler x2  
  72  4:36  Drone  
  72  4:37  Drone  
  71  4:40  Extractor  
  71  4:42  Zergling x2  
  71  4:43  Drone x3  
  74  4:50  Overlord  
  74  4:55  Baneling Nest, Overlord  
  74  4:56  Drone  
  74  5:01  Overlord  
  74  5:07  Queen  
  74  5:08  Extractor  
  74  5:10  Drone x2  
  74  5:11  Drone x2  
  74  5:12  Drone x3  
  82  5:16  Drone x3  
  85  5:22  Drone  
  85  5:25  Hatchery  
  85  5:26  Overseer  
  85  5:27  Spore Crawler, Drone  
  85  5:28  Drone x2  
  87  5:33  Drone, Evolution Chamber x2  
  87  5:35  Drone x2  
  88  5:41  Overlord  
  88  5:42  Drone x4  
  92  5:45  Overlord  
  92  5:47  Zergling x2  
  93  5:50  Centrifugal Hooks  
  93  5:52  Drone  
  93  5:55  Overlord  
  93  5:56  Overseer  
  93  5:57  Drone x3  
  96  6:00  Extractor  
  96  6:01  Zergling x2  
  96  6:03  Zergling x2  
  98  6:06  Zerg Ground Armor Level 1, Zerg Melee Weapons Level 1  
  98  6:07  Overlord  
  98  6:08  Zergling x2  
  98  6:11  Extractor  
  98  6:13  Zergling x6  
  98  6:16  Zergling x8  
  105  6:21  Baneling x8  
  105  6:24  Zergling x4  
  107  6:29  Zergling x8  
  111  6:36  Drone  
  111  6:37  Drone  
  111  6:38  Zergling x4  
  115  6:40  Queen  
  115  6:42  Drone  
  115  6:45  Drone  
  119  6:48  Overlord  
  119  6:51  Hydralisk Den  
  119  6:52  Zergling x12, Drone  
  125  6:55  Pneumatized Carapace  
  125  7:00  Spore Crawler, Zergling x2, Drone x2  
  127  7:08  Zergling x8  
  131  7:10  Baneling x7  
  131  7:11  Baneling  
  131  7:15  Zergling x12  
  137  7:18  Queen  
  137  7:19  Overlord  
  137  7:20  Zergling x10  
  137  7:21  Baneling  
  137  7:22  Baneling x5  
  144  7:25  Overlord x3  
  143  7:31  Overlord  
  137  7:40  Zergling x16  
  134  7:47  Drone  
  134  7:48  Drone x5  
  134  7:50  Grooved Spines  
  139  8:00  Baneling x7  
  139  8:01  Zergling x14, Baneling, Hatchery  
  145  8:08  Zerg Melee Weapons Level 2, Zerg Ground Armor Level 2  
  145  8:13  Zergling x4  
  145  8:14  Zergling x8  
  145  8:17  Zergling x4  
  151  8:22  Extractor  
  151  8:23  Infestation Pit  
  151  8:24  Drone x3  
  151  8:26  Zergling x12  
  158  8:29  Zergling x4  
  158  8:32  Overlord  
  158  8:33  Zergling x2  
  160  8:42  Zergling x10  
  160  8:46  Overlord  
  163  8:53  Hydralisk x10  
  183  9:01  Muscular Augments  
  183  9:03  Overlord  
  183  9:04  Zergling x2, Hive  
  183  9:05  Zergling x6  
  183  9:09  Zergling x8  
  191  9:14  Baneling x10  
  190  9:17  Zergling x6  
  190  9:21  Zergling x8  
  197  9:25  Baneling x9  
  197  9:30  Zergling x4  
  198  9:39  Baneling x9  
  198  9:45  Baneling x4  
  198  9:50  Zergling x22  
  187  9:55  Zergling x16  
  187  9:57  Zergling x12  
  178  10:00  Zergling x2  
  178  10:05  Zergling x10  
  178  10:06  Zergling x2, Baneling x5  
  184  10:09  Baneling  
  184  10:10  Baneling x6  
  184  10:11  Zergling x2  
  183  10:14  Zergling x4  
  183  10:16  Adrenal Glands  
  183  10:18  Zergling x6  
  185  10:25  Hatchery  
  185  10:27  Zergling x6  
  178  10:34  Zergling x26  
  190  10:35  Hatchery  
  190  10:39  Zergling x2  
  190  10:44  Overlord x2  
  190  10:45  Zergling x2  
  190  10:49  Baneling x4  
  191  10:50  Baneling x18  
  191  11:03  Extractor  
  190  11:04  Drone  
  190  11:07  Zergling x14  
  190  11:08  Zergling x10  
  200  11:13  Hatchery  
  197  11:23  Zergling x16  
  176  11:29  Zerg Missile Weapons Level 1  
  155  11:34  Zergling x20  
  160  11:40  Baneling x6, Viper  
  163  11:47  Drone x5  
  163  11:49  Drone x3  
  163  11:50  Zergling x10  
  163  11:53  Baneling  
  168  11:57  Baneling x5  
  168  11:58  Zergling x2  
  168  11:59  Zergling x12  
  173  12:07  Zergling x10  
  173  12:08  Viper  
  181  12:15  Zergling x14  
  181  12:16  Zergling x2  
  181  12:18  Baneling x10  
  181  12:19  Baneling  
  188  12:24  Zergling x12  
  194  12:34  Drone  
  194  12:35  Baneling x8  
  193  12:37  Overseer  
  193  12:38  Baneling x3  
  193  12:39  Baneling x2  
  193  12:43  Zergling x14  
  200  12:45  Baneling x3  
  200  12:46  Overseer  
  200  12:57  Zergling x6, Lurker Den  
  200  13:01  Overseer  
  196  13:11  Zergling x24  
  198  13:19  Zergling x2  
  197  13:20  Zergling x22  
  197  13:26  Baneling x9  
  197  13:27  Zergling x2, Baneling x12  
  195  13:28  Zergling x6  
  195  13:32  Extractor  
  198  13:37  Drone x2  
  198  13:38  Drone, Hatchery  
  198  13:45  Zergling x2  
  199  13:56  Spore Crawler  
Tags
 
Add a new tag
Caveats
  • Supply blocks, unpowered buildings, or Contaminate may cause inaccurate times.
  • Supply counts are checked every 10 seconds.